 Dungeon Crawl Stone Soup version 0.23-a0-607-g760965b753 (webtiles) character file.

266 Adamkad1 the Shield-Bearer (level 6, 0/32 HPs)
             Began as a Vine Stalker Fighter on Dec 20, 2018.
             Slain by a quokka zombie (1 damage)
             ... on level 3 of the Dungeon.
             The game lasted 00:03:45 (2867 turns).

Adamkad1 the Shield-Bearer (Vine Stalker Fighter)   Turns: 2867, Time: 00:03:46

Health: 0/32       AC: -1    Str: 18    XL:     6   Next: 20%
Magic:  0/10       EV:  7    Int: 10    God:
Gold:   154        SH:  9    Dex: 14    Spells: 9/9 levels left

rFire    . . .     SeeInvis .   a - +0 war axe
rCold    . . .     Gourm    .   c - +0 shield
rNeg     . . .     Faith    .   b - +0 scale mail
rPois    .         Spirit   +   t - +0 helmet (curse)
rElec    .         Reflect  .   (no cloak)
rCorr    .         Harm     .   q - +0 pair of gloves
MR       +....                  n - +0 pair of boots
Stlth    ..........             (no amulet)
HPRegen  0.50/turn              h - ring of protection from magic
MPRegen  0.12/turn              (no ring)

@: corroded
A: fangs 2, regeneration 1, magic shield, antimagic bite, no potion heal 3, rot
immunity
a: no special abilities


You were on level 3 of the Dungeon.
You were not hungry.

You visited 1 branch of the dungeon, and saw 3 of its levels.

You collected 154 gold pieces.

Inventory:

Hand Weapons
 a - a +0 war axe (weapon)
Armour
 b - a +0 scale mail (worn)
 c - a +0 shield (worn)
 n - a +0 pair of boots (worn)
 q - a +0 pair of gloves (worn)
 t - a cursed +0 helmet (worn)
Jewellery
 h - a ring of protection from magic (left hand)
 o - an uncursed ring of stealth {unknown}
Scrolls
 e - a scroll of noise {unknown}
 g - 2 scrolls of immolation {unknown}
 i - 6 scrolls of remove curse {unknown}
 j - 5 scrolls of identify {unknown}
 k - a scroll of magic mapping {unknown}
 m - a scroll of enchant armour {unknown}
 p - 3 scrolls of teleportation {unknown}
 r - a scroll of amnesia {unknown}
Potions
 d - 2 potions of might
 l - 2 potions of flight {unknown}
 s - a potion of mutation {unknown}
 v - a potion of ambrosia {unknown}
Comestibles
 f - 4 rations
 u - 3 chunks of flesh


   Skills:
 + Level 3.4 Fighting
 * Level 3.0 Axes
 * Level 3.3 Armour
 * Level 3.8 Shields
 * Level 2.2 Spellcasting


You had 9 spell levels left.
You didn't know any spells.
Your spell library was empty.

Dungeon Overview and Level Annotations

Branches:
Dungeon (3/15)

Altars:
Dithmenos
Nemelex Xobeh
Vehumet
Xom


Innate Abilities, Weirdness & Mutations

You have extremely sharp teeth.
Your natural rate of healing is unusually fast.
When hurt, damage is shared between your health and your magic reserves.
Your bite disrupts and absorbs the magic of your enemies.
Potions cannot restore your health.
You are immune to rotting.


Message History

You are too injured to fight recklessly!
You are too injured to fight recklessly!
You are too injured to fight recklessly!
Unknown command.
You hit the jelly but do no damage.
Your hands burn!
You bite the jelly, but do no damage.
The jelly is heavily wounded.
The jelly barely misses you. You block the jelly's attack.
Unknown command.
You hit the jelly but do no damage. The acid corrodes you!
Your hands burn!
* * * LOW HITPOINT WARNING * * *
You bite the jelly, but do no damage.
The jelly is heavily wounded.
You hit the quokka zombie but do no damage.
You block the quokka zombie's attack. The jelly hits you.
* * * LOW HITPOINT WARNING * * *
You are splashed with acid!
The acid burns!
* * * LOW HITPOINT WARNING * * *
The quokka zombie bites you.
You die...

## #.._................
.#######................
..................#.....
...###<........####.....
..................# ####
..####)...#.......#
..##........#.....#
......#.#####....##
........# ###!@#
...###### #.ZJ.....#
..#### #...###### .....#
#...# ..##..[ ..... ..#
#. #.##... ..##.<. ..
.... .....## ### .....
.......


You could see a jelly and a quokka zombie.

Vanquished Creatures
  2 jellies (D:3)
  Jessica (D:2)
  Natasha (twice) (D:2)
  An orc wizard (D:3)
  6 adders (D:2)
  An ooze (D:1)
  2 dart slugs
  A leopard gecko (D:2)
  4 orcs (D:3)
  6 bats
  2 giant cockroaches (D:1)
  3 goblins
  3 hobgoblins
  An iguana (D:3)
  4 kobolds
  5 frilled lizards
  4 rats
48 creatures vanquished.

Notes
Turn   | Place    | Note
-------+----------+-------------------------------------------
     0 | D:1      | Adamkad1 the Vine Stalker Fighter began the quest for the
                  | Orb.
     0 | D:1      | Reached XP level 1. HP: 11/11 MP: 2/2
   126 | D:1      | Reached XP level 2. HP: 14/16 MP: 1/3
   643 | D:2      | Reached XP level 3. HP: 13/20 MP: 4/4
  1240 | D:2      | Gained mutation: Your natural rate of healing is unusually
                  | fast. [Vine Stalker growth]
  1240 | D:2      | Reached XP level 4. HP: 23/24 MP: 6/6
  1319 | D:2      | Noticed Natasha
  1324 | D:2      | Reached skill level 1 in Spellcasting
  1326 | D:2      | Killed Natasha
  1498 | D:2      | Found a sparkling altar of Nemelex Xobeh.
  1498 | D:2      | Noticed Jessica
  1502 | D:2      | Killed Jessica
  1502 | D:2      | Reached XP level 5. HP: 28/28 MP: 6/8
  2108 | D:2      | Noticed Natasha
  2114 | D:2      | Killed Natasha
  2483 | D:3      | Found a shimmering altar of Xom.
  2500 | D:3      | Reached XP level 6. HP: 31/32 MP: 8/10
  2666 | D:3      | Found a radiant altar of Vehumet.
  2818 | D:3      | Found a shadowy altar of Dithmenos.
  2867 | D:3      | HP: 1/32 [acid (7)]
  2867 | D:3      | Slain by a quokka zombie

Vault maps used:
D:1:      lightli_arrival_flooded_house
D:2:      hex_intersection, nemelex_lonely_heart_becter, uniq_natasha
D:3:      overflow_temple_1_default, vehumet_crystals, marbit_many_paths,
          lemuel_round_altar, dk_xom_monty_hall

Skill      XL: |  1  2  3  4  5  6 |
---------------+-------------------+-----
Shields        | 3 |  3.8
Fighting       | 3 |  3.4
Axes           | 2 3 |  3.0
Spellcasting   | 1 2 |  2.2
Armour         | 3 |  3.3

Action                   |  1- 3 |  4- 6 || total
-------------------------+-------+-------++-------
Melee: War axe           |    76 |    65 ||   141
       Bite              |    12 |    14 ||    26
  Eat: Chunk             |     1 |     5 ||     6
Armor: Scale mail        |    39 |    35 ||    74
Dodge: Dodged            |    12 |    17 ||    29
Block: Shield            |    58 |    29 ||    87

Table legend:
 A = Non-vault XP
 B = Vault XP
 C = Vault XP percentage of total XP
 D = Non-vault monster count
 E = Vault monster count
 F = Vault count percentage of total count
                 A         B        C        D         E       F
            +---------+---------+-------+---------+---------+-------
      Total |     223 |     157 |  41.3 |      43 |       5 |  10.4
            +---------+---------+-------+---------+---------+-------
        D:1 |      30 |       0 |   0.0 |      14 |       0 |   0.0
        D:2 |     132 |      73 |  35.6 |      16 |       2 |  11.1
        D:3 |      61 |      84 |  57.9 |      13 |       3 |  18.8
            +---------+---------+-------+---------+---------+-------
